 Dungeon Crawl Stone Soup version 0.29-a0-582-ge82337ba6a (webtiles) character file.

Game seed: 1209493161531175935

32 bande the Shield-Bearer (level 3, -2/23 HPs)
             Began as a Gargoyle Fighter on June 14, 2022.
             Slain by Grinder (3 damage)
             ... on level 3 of the Dungeon.
             The game lasted 00:02:15 (1542 turns).

bande the Shield-Bearer (Gargoyle Fighter)          Turns: 1542, Time: 00:02:16

Health: -2/23      AC: 12    Str: 19    XL:     3   Next: 25%
Magic:  3/3        EV:  9    Int:  8    God:
Gold:   80         SH:  4    Dex: 11    Spells: 2/2 levels left

rFire   . . .      SeeInvis .   a - +1 war axe (chaos)
rCold   . . .      Faith    .   c - +0 buckler
rNeg    + . .      Spirit   .   b - +0 scale mail
rPois   ∞          Reflect  .   (no helmet)
rElec   +          Harm     .   (no cloak)
rCorr   .          Rampage  .   (no gloves)
Will    .....                   j - +1 pair of boots
Stlth   ..........              (no amulet)
HPRegen 0.07/turn               (no ring)
MPRegen 0.08/turn               (no ring)

@: no status effects
A: sickness immunity, AC +3, negative energy resistance 1, electricity
resistance, torment resistance 1, petrification resistance
a: no special abilities


You were on level 3 of the Dungeon.
You visited 1 branch of the dungeon, and saw 3 of its levels.

You collected 80 gold pieces.

Inventory:

Hand Weapons
 a - a +1 war axe of chaos (weapon)
Missiles
 h - a throwing net (quivered)
Armour
 b - a +0 scale mail (worn)
 c - a +0 buckler (worn)
 j - a +1 pair of boots (worn)
Scrolls
 i - a scroll of amnesia {unknown}
Potions
 d - a potion of might
 e - 2 potions of cancellation
 f - a potion of brilliance {unknown}
 g - 2 potions of curing {unknown}


   Skills:
 + Level 3.5 Fighting
 + Level 2.2 Axes
 + Level 3.5 Armour
 - Level 0.1 Dodging
 + Level 3.9 Shields


You had 2 spell levels left.
You didn't know any spells.
Your spell library was empty.

Dungeon Overview and Level Annotations

Branches:
Dungeon (3/15)

Altars:

Shops:
D:2 *

Annotations:
D:3 Grinder


Innate Abilities, Weirdness & Mutations

You are immune to sickness and miasma.
Your stone body is resilient. (AC +3)
You are immune to poison.
You resist negative energy. (rN+)
You are resistant to electric shocks. (rElec)
You are resistant to unholy torment.
You are immune to petrification.


Message History

Grinder hits you but does no damage.
You hit Grinder.
Grinder seems to speed up.
Grinder is lightly wounded.
Grinder hits you.
You writhe in agony.
Grinder hits you.
You writhe in agony.
You barely miss Grinder.
Grinder is lightly wounded.
Grinder hits you but does no damage. x2
You slash Grinder! You burn Grinder.
Grinder is moderately wounded.
Grinder hits you.
You writhe in agony.
Grinder hits you but does no damage.
You are too injured to fight recklessly!
You are too injured to fight recklessly!
You are too injured to fight recklessly!
You are too injured to fight recklessly!
You are too injured to fight recklessly!
You are too injured to fight recklessly!
You are too injured to fight recklessly!
You closely miss Grinder.
Grinder is moderately wounded.
Grinder blinks!
Grinder blinks!
Grinder gestures at you.
You suddenly lose the ability to move!
Grinder gestures at you.
You shrug off the repeated paralysis!
You can move again.
Grinder gestures at you. You resist with significant effort.
Grinder hits you but does no damage.
You hit Grinder.
Grinder's magic leaks into the air.
Grinder is moderately wounded.
Grinder hits you. Grinder gestures at you.
You are unaffected.
Grinder barely misses you.
You hit Grinder but do no damage.
Grinder is moderately wounded.
Grinder hits you but does no damage. Grinder hits you.
* * * LOW HITPOINT WARNING * * *
You writhe in agony.
You die...

#.# #.# #.#
###.###.##.#.#
#..........#.#
#.#.###.####.##
#.#.#.........#
# #.#.#.......#
..#..>......#
##########.#.#
........5@...#
.......###.....#
....... #######
....... .......
......≈ ......≈
.......


You could see Grinder (fast, magic disrupted).

Vanquished Creatures
  2 worms (D:2)
  2 endoplasms (D:1)
  5 goblins
  2 hobgoblins
  3 quokkas
  4 ball pythons
  A bat (D:2)
  3 frilled lizards (D:1)
  A kobold (D:1)
  4 rats (D:1)
27 creatures vanquished.

Notes
Turn   | Place    | Note
-------+----------+-------------------------------------------
     0 | D:1      | bande the Gargoyle Fighter began the quest for the Orb.
     0 | D:1      | Reached XP level 1. HP: 14/14 MP: 1/1
   246 | D:1      | Reached XP level 2. HP: 19/19 MP: 2/2
   444 | D:1      | Found a faded altar of an unknown god.
  1193 | D:2      | Reached XP level 3. HP: 20/23 MP: 3/3
  1244 | D:2      | Identified the +8 spear "Hiset" {speed, rN+ Will+ Int-3
                  | SInv}
  1414 | D:2      | Found Ufoicw's Assorted Antiques.
  1524 | D:3      | Noticed Grinder
  1535 | D:3      | Paralysed by Grinder for 4 turns
  1542 | D:3      | HP: 1/23 [Grinder (6)]
  1542 | D:3      | Slain by Grinder

Illustrated notes

Levels and vault maps discovered:
D:1:      dpeg_arrival_water_fire, layout_basic, ebering_ecumenical_altar_hall,
          minmay_misc_feat_hallway
D:2:      layout_rooms, serial_shops, nicolae_shop_competitors_out_of_business,
          minmay_misc_feat_room, kennysheep_generic_room_3
D:3:      layout_basic, nicolae_gozag_zags_fifth_avenue, minmay_misc_feat_iff,
          uniq_crazy_yiuf_cottage, uniq_grinder

Skill      XL: |  1  2 |
---------------+-------+-----
Axes           | 2 |  2.2
Fighting       | |  3.5
Armour         | |  3.5
Dodging        | |  0.1
Shields        | |  3.9

Action                   || total
-------------------------++-------
Melee: War axe           ||    69
  Use: Scroll            ||     7
Armor: Scale mail        ||    33
Dodge: Dodged            ||    19
Block: Buckler           ||    19

Table legend: (Time is in decaauts)
 A = Elapsed time spent in this place.
 B = Non-inter-level travel time spent in this place.
 C = Inter-level travel time spent in this place.
 D = Time resting spent in this place.
 E = Time spent auto-exploring this place.
 F = Levels seen in this place.
 G = Mean time per level.
                   A        B        C        D        E       F      G
               +--------+--------+--------+--------+--------+-----+--------+
         Total |   1571 |   1501 |     70 |      0 |   1262 |   3 |  523.7 |
       Dungeon |   1571 |   1501 |     70 |      0 |   1262 |   3 |  523.7 |
               +--------+--------+--------+--------+--------+-----+--------+

Top non-repeatable levels by time:
     D:1: 956 daAuts
     D:2: 570 daAuts
     D:3: 44 daAuts
